Map: [ESL] Tropical Sacrifice

Players

Zoun - Winner!

  • Race: Protoss Protoss
  • Spawn Location: 1:00

SpeCial

  • Race: Terran Terran
  • Spawn Location: 7:00

Event: TSL 9

VOD

Have the link to the VOD?

Description

Time

  • Played on: Aug. 7, 2022, 12:42 p.m.
  • Length: 6:58

All games in this series

Show
View Real Time Build Order
Export as new Build Order

Zoun Protoss - Winner!

Build Orders: 1 Gate Expand, Phoenix Opening 

Get SALT Encoding   

  12  0:00  Probe  
  13  0:12  Probe  
  14  0:18  Pylon  
  14  0:24  Probe (Chrono Boost)  
  15  0:37  Probe (Chrono Boost)  
  15  0:38  Gateway  
  16  0:44  Probe (Chrono Boost)  
  16  0:49  Assimilator  
  17  0:51  Probe  
  18  1:03  Probe  
  19  1:15  Probe  
  20  1:28  Cybernetics Core  
  20  1:35  Zealot  
  22  1:44  Nexus  
  22  1:50  Pylon  
  22  1:54  Probe  
  23  2:02  Assimilator  
  23  2:06  Adept (Chrono Boost)  
  23  2:11  Probe  
  26  2:23  Probe  
  26  2:26  Stargate  
  27  2:32  Adept  
  27  2:35  Probe  
  30  2:45  Warp Gate  
  30  2:47  Probe  
  31  2:55  Shield Battery  
  31  2:57  Probe  
  32  3:01  Probe  
  32  3:02  Adept (Chrono Boost)  
  35  3:11  Phoenix (Chrono Boost)  
  36  3:27  Adept (Chrono Boost)  
  36  3:31  Phoenix (Chrono Boost)  
  39  3:43  Probe  
  39  3:47  Probe  
  43  3:55  Probe (Chrono Boost)  
  43  4:00  Oracle  
  43  4:02  Probe (Chrono Boost)  
  46  4:09  Pylon  
  46  4:19  Probe x2  
  46  4:24  Pylon  
  46  4:25  Twilight Council  
  46  4:31  Probe x2  
  48  4:35  Adept  
  48  4:38  Phoenix  
  53  4:45  Probe x2  
  53  4:51  Gateway  
  53  4:57  Probe x2  
  54  5:06  Phoenix  
  56  5:09  Probe  
  56  5:11  Probe  
  58  5:22  Probe  
  58  5:27  Nexus  
  59  5:31  Pylon  
  59  5:37  Probe  
  59  5:39  Probe  
  59  5:51  Gateway  
  59  5:53  Gateway  
Show
View Real Time Build Order
Export as new Build Order

SpeCial Terran 

Build Orders:  

Get SALT Encoding   

  12  0:00  SCV  
  13  0:12  SCV  
  14  0:17  Supply Depot  
  14  0:24  SCV  
  15  0:39  SCV  
  15  0:42  Barracks  
  16  0:45  Refinery  
  16  0:52  SCV  
  16  0:56  Refinery  
  17  1:04  SCV  
  18  1:16  SCV  
  19  1:30  SCV  
  18  1:43  SCV  
  19  1:48  Supply Depot  
  19  1:54  Reaper  
  19  1:56  Orbital Command  
  20  2:10  Supply Depot, Factory  
  20  2:22  SCV  
  21  2:26  Reaper  
  22  2:34  SCV  
  23  2:46  SCV  
  24  3:01  Reaper  
  24  3:02  SCV, Armory  
  26  3:12  Widow Mine  
  28  3:17  SCV  
  29  3:21  Command Center  
  29  3:26  Barracks  
  29  3:29  SCV  
  29  3:34  Widow Mine  
  30  3:41  SCV  
  30  3:49  Barracks  
  30  3:55  Widow Mine  
  32  3:56  SCV  
  33  4:06  Engineering Bay  
  33  4:08  SCV  
  34  4:14  Barracks Reactor  
  36  4:17  Widow Mine  
  34  4:24  SCV  
  35  4:32  Barracks Tech Lab, Terran Infantry Weapons Level 1  
  35  4:36  SCV  
  36  4:42  Widow Mine  
  36  4:45  Barracks Tech Lab  
  36  4:51  SCV  
  37  4:57  Marine x3  
  39  5:04  Stimpack, Marine  
  39  5:05  Combat Shield  
  39  5:12  Orbital Command  
  35  5:14  Marine  
  35  5:15  SCV  
  35  5:19  Marine x2  
  39  5:22  Marine  
  39  5:24  Widow Mine  
  39  5:28  SCV  
  43  5:31  Starport  
  43  5:36  Marine  
  43  5:37  Marine x2  
  43  5:40  Marine  
  41  5:44  SCV  
  41  5:45  SCV  
  41  5:48  Widow Mine  
  39  5:54  Marine x2  
Tags
 
Add a new tag
Caveats
  • Supply blocks, unpowered buildings, or Contaminate may cause inaccurate times.
  • Supply counts are checked every 10 seconds.